 Dungeon Crawl Stone Soup version 0.30-a0-1043-g60ff8d5f49 (webtiles) character file.

Game seed: 4650196140740183490

27846 Lobster4 the Thaumaturge (level 13, -19/94 HPs)
             Began as a Djinni Fire Elementalist on Apr 10, 2023.
             Was an Elder of Makhleb.
             Killed from afar by a frost giant (38 damage)
             ... with a bolt of cold
             ... in an ice cave.
             The game lasted 00:41:29 (12597 turns).

Lobster4 the Thaumaturge (DjFE)                    Turns: 12597, Time: 00:41:30

Health: -19/94     AC:  9    Str:  7    XL:     13   Next: 68%
Gold:   874        EV: 15    Int: 21    God:    Makhleb [****..] SH:  0 Dex: 15

rFire   + + +      SeeInvis .    C - +2 dagger (venom)
rCold   . . .      Faith    .    (no shield)
rNeg    . . .      Spirit   .    s - +0 steam dragon scales
rPois   ∞          Reflect  .    (no helmet)
rElec   +          Rampage  .    A - +1 cloak
rCorr   +                        (no gloves)
Will    +....                    (boots unavailable)
Stlth   ++                       (no amulet)
HPRegen 0.35/turn                k - ring of protection from fire
MPRegen 0.00/turn                p - ring of wizardry

@: resistant, flying
A: sickness immunity, fire resistance 2, cold vulnerability 1, float, innate
caster, HP casting, extra vitality 1
a: Renounce Religion, Minor Destruction, Lesser Servant of Makhleb, Major
Destruction


You were in an ice cave.
You worshipped Makhleb.
Makhleb was greatly pleased with you.
You visited 1 branch of the dungeon, and saw 11 of its levels.
You also visited: Bailey and Ice Cave.

You collected 1042 gold pieces.
You spent 168 gold pieces at shops.

Inventory:

Hand Weapons
 i - a +1 dagger of holy wrath
 q - a +0 sling
 t - a +1 falchion of freezing
 C - a +2 dagger of venom (weapon)
 K - a +5 trident
 N - a +4 long sword of freezing
 W - a +2 shortbow of flaming
Missiles
 j - 5 javelins (quivered)
 B - a throwing net
 P - 5 silver javelins
Armour
 o - a +0 chain mail of cold resistance
 s - +0 steam dragon scales (worn)
 v - the +0 leather armour "Rutan" {rCorr Str-3 Int+3 Slay+2}
   (You found it on level 11 of the Dungeon)

   Str:       It affects your strength (-3).
   Int:       It affects your intelligence (+3).
   Slay:      It affects your accuracy & damage with ranged weapons and melee
   (+2).
   rCorr:     It protects you from acid and corrosion.
 A - a +1 cloak (worn)
Magical Staves
 T - a staff of fire
Jewellery
 f - a ring of protection from cold
 k - a ring of protection from fire (left hand)
 p - a ring of wizardry (right hand)
 I - a ring of willpower
 V - a ring of resist corrosion
Wands
 b - a wand of paralysis (1)
 n - a wand of mindburst (1)
 D - a wand of flame (26)
 J - a wand of light (5)
 M - a wand of roots (8)
Scrolls
 d - 3 scrolls of magic mapping
 l - 7 scrolls of teleportation
 w - 4 scrolls of poison
 y - a scroll of enchant weapon
 F - 3 scrolls of fear
 H - 3 scrolls of fog
 L - a scroll of immolation {unknown}
 O - a scroll of enchant armour
 R - a scroll of brand weapon
 S - a scroll of summoning
 X - a scroll of acquirement {unknown}
Potions
 a - 2 potions of haste
 c - a potion of brilliance
 e - 3 potions of heal wounds
 g - 4 potions of might
 h - 3 potions of lignification
 m - a potion of ambrosia
 r - a potion of curing
 u - 3 potions of resistance
 x - a potion of cancellation
 E - 2 potions of berserk rage
 G - 2 potions of mutation
 U - 3 potions of invisibility


   Skills:
 + Level 9.1 Fighting
 - Level 3.0(4.8) Short Blades
 + Level 6.0(6.3) Long Blades
 - Level 3.0 Throwing
 + Level 8.4 Armour
 + Level 6.5 Dodging
 - Level 2.0 Stealth
 * Level 10.6 Spellcasting
 + Level 5.5 Invocations
 - Level 3.0 Evocations


You knew the following spells:

 Your Spells              Type           Power      Damage    Failure   Level
a - Foxfire               Conj/Fire      100%       2x1d9     1%          1
b - Scorch                Fire           100%       2d9       1%          2
c - Frozen Ramparts       Ice            100%       1d16      1%          3
d - Inner Flame           Hex/Fire       54%        N/A       1%          3
e - Flame Wave            Conj/Fire      54%        2d13      1%          4
f - Petrify               Tmut/Erth      54%        N/A       1%          4
g - Static Discharge      Conj/Air       100%       2-7/arc   1%          2
h - Volatile Blastmotes   Fire/Tloc      100%       2d18      1%          3
i - Apportation           Tloc           100%       N/A       1%          1
j - Iskenderun's Battles  Conj           54%        2d10      1%          5
v - Summon Mana Viper     Hex/Summ       54%        N/A       1%          5
Your spell library was empty.

Dungeon Overview and Level Annotations

Branches:
Dungeon (11/15)            Temple (0/1) D:7            Lair (0/5) D:10
 Bailey (visited)           IceCv (1/1)
    Orc: D:9-12

Altars:
Cheibriados
Dithmenos
Elyvilon
Hepliaklqana
Makhleb
Nemelex Xobeh
Okawaru
Ru
Uskayaw
Xom
Zin
The Shining One

Shops:
D:2 *

Annotations:
D:6 3 runed translucent doors, billz999's ghost, novice KoBr IceCv exclusion: ice statue


Innate Abilities, Weirdness & Mutations

You are immune to sickness and miasma.
You are immune to poison.
Your flesh is very heat resistant. (rF++)
You are vulnerable to cold. (rC-)
You float through the air rather than walking.
You learn spells naturally, not from books.
Your magical power is your life essence.
You have superior vitality. (+4 MHP)


Message History

Roots grab the frost giant.
Roots grab the yak.
The grasping roots constrict the frost giant.
The grasping roots constrict the yak!
You hear an angry growl.
You hear a bellow!
The frost giant struggles to escape constriction.
The yak struggles to escape constriction.
Casting: Foxfire (safe; 1% risk of failure)
Confirm with . or Enter, or press ? or * to list all spells.
Aiming: Inner Flame (safe; 1% risk of failure)
Press: ? - help, Dir - move target, f - yak, p - frost giant
Aim: a yak (moderately wounded, constricted by roots, chance to affect: 94%)
The yak is filled with an inner flame.
The grasping roots constrict the frost giant!
The grasping roots constrict the yak!
Flame seeps out of the yak.
The roots release their grip on the frost giant.
The yak is engulfed in blazing flames.
Flame seeps out of the yak.
The yak struggles to escape constriction.
Aiming: Bolt of Light
Press: ? - help, Shift-Dir - straight line, f - frost giant, p - yak
Aim: a frost giant, wielding a +2 battleaxe of freezing (lightly wounded, 98% to hit)
The bolt of light hits the frost giant!
The frost giant is moderately wounded.
The frost giant is blinded.
The grasping roots constrict the yak!
Makhleb accepts your kill.
You feel better.
The yak explodes!
The frost giant casts a spell at you. The bolt of cold hits you!!
You feel a terrible chill!
You feel protected.
The frost giant points at you and mumbles some strange words.
The bolt of cold hits you!!
* * * LOW HITPOINT WARNING * * *
The frost giant points at you and mumbles some strange words.
The bolt of cold hits you!!
* * * LOW HITPOINT WARNING * * *
You feel much better.
You are engulfed in freezing vapours.
* * * LOW HITPOINT WARNING * * *
The frost giant casts a spell at you. The bolt of cold hits you!!!
You die...

# ### ## ##.######
.#### ###..°≈≈#≈#
#### ....##
##...#@°°≈≈###...##
#.#..##
#.#.###≈○°C.#.....#
##.#..## ##..##
##≈≈##......#
####..###..##
#####..###..#
#.#..##.## #.....##
##.#.#..# #.C....#
###..#.# #......##
###.## #.......#
### #..#....#


You could see a frost giant.

Vanquished Creatures
  An orc warlord (Bailey)
  A boulder beetle (D:11)
  A two-headed ogre (D:10)
  3 death yaks (IceCv)
  A gargoyle (D:11)
  2 rime drakes (IceCv)
  2 polar bears (IceCv)
  2 trolls
  A hornet (D:8)
  Prince Ribbit (D:7)
  Grinder (D:3)
  A vampire (D:8)
  2 shadows (D:10)
  3 wyverns
  18 yaks
  9 vampire mosquitoes
  2 steam dragons
  Menkaure (D:5)
  13 orc warriors
  2 sky beasts
  4 black bears
  An ice beast (D:7)
  An ogre (D:4)
  4 wolves
  4 centaurs
  A phantom (D:6)
  2 gnoll sergeants
  5 bullfrogs
  4 scorpions
  7 wights
  17 killer bees
  4 howler monkeys
  A gnoll bouda (D:10)
  2 hounds
  Crazy Yiuf (D:5)
  4 orc priests
  A sleepcap (D:5)
  An iguana (D:5)
  9 orc wizards
  31 gnolls
  5 adders
  A shadow imp (D:6)
  An ufetubus (D:5)
  3 worms
  4 dart slugs
  61 orcs
  11 ball pythons
  5 bats
  7 endoplasms
  4 giant cockroaches
  24 goblins
  20 hobgoblins
  15 jackals
  12 kobolds
  2 quokkas
  3 frilled lizards
  5 rats
  A butterfly (D:7)
355 creatures vanquished.

Vanquished Creatures (collateral kills)
  Joseph (D:8)
  A gargoyle (D:11)
  A polar bear (IceCv)
  A vampire (D:10)
  Grum (D:8)
  An orc priest (D:9)
  A sleepcap (D:8)
  A gnoll (D:10)
  22 foxfires
30 creatures vanquished.

Vanquished Creatures (others)
  6 demonic plants (D:1)
  1116 foxfires
  9 fungi
  8 plants
  4 withered plants (D:1)
1143 creatures vanquished.

Grand Total: 1528 creatures vanquished

Notes
Turn   | Place    | Note
-------+----------+-------------------------------------------
     0 | D:1      | Lobster4 the Djinni Fire Elementalist began the quest for
                  | the Orb.
     0 | D:1      | Lobster4 set off with the following spells memorised:
                  | Foxfire, Scorch, Volatile Blastmotes, Inner Flame, Flame
                  | Wave.
     0 | D:1      | Reached XP level 1. HP: 15/15 MP: 0/0
    13 | D:1      | Found a faded altar of an unknown god.
   288 | D:1      | Reached XP level 2. HP: 18/21 MP: 0/0
   523 | D:1      | Reached XP level 3. HP: 23/26 MP: 0/0
   523 | D:1      | Learned a level 1 spell: Apportation
  1032 | D:2      | Found Ryaxutatt's General Store.
  1044 | D:2      | Reached skill level 1 in Armour
  1081 | D:2      | Bought a scroll of identify for 24 gold pieces
  1336 | D:2      | Reached XP level 4. HP: 28/31 MP: 0/0
  1391 | D:2      | Reached skill level 1 in Fighting
  1394 | D:2      | Reached skill level 3 in Spellcasting
  1854 | D:2      | Bought 2 scrolls of poison for 96 gold pieces
  1872 | D:3      | Reached XP level 5. HP: 33/37 MP: 0/0
  1872 | D:3      | Learned a level 2 spell: Static Discharge
  2074 | D:3      | Reached skill level 1 in Short Blades
  2509 | D:3      | Reached XP level 6. HP: 41/43 MP: 0/0
  2663 | D:3      | Found a sacrificial altar of Ru.
  2776 | D:3      | Noticed Grinder
  3242 | D:3      | Reached skill level 4 in Spellcasting
  3244 | D:3      | Reached XP level 7. HP: 34/49 MP: 0/0
  3244 | D:3      | Learned a level 3 spell: Frozen Ramparts
  3705 | D:3      | Killed Grinder
  3788 | D:2      | Bought a scroll of fear for 48 gold pieces
  3913 | D:4      | Reached XP level 8. HP: 51/56 MP: 0/0
  4259 | D:4      | Found a hazy altar of Hepliaklqana.
  4337 | D:5      | Entered Level 5 of the Dungeon
  4372 | D:5      | Reached skill level 5 in Spellcasting
  4438 | D:5      | Found a runed translucent door.
  4439 | D:5      | Noticed Crazy Yiuf
  4447 | D:5      | Killed Crazy Yiuf
  5261 | D:5      | Reached skill level 6 in Spellcasting
  5347 | D:5      | Noticed Menkaure
  5349 | D:5      | Found a sparkling altar of Nemelex Xobeh.
  5349 | D:5      | Found a burning altar of Makhleb.
  5352 | D:5      | Killed Menkaure
  5353 | D:5      | Reached XP level 9. HP: 54/64 MP: 0/0
  5353 | D:5      | Learned a level 4 spell: Petrify
  5354 | D:5      | Found a shadowy altar of Dithmenos.
  5363 | D:5      | Became a worshipper of Makhleb the Destroyer
  5738 | D:6      | Found a glowing silver altar of Zin.
  5772 | D:6      | Noticed billz999's ghost (novice KoBr)
  5796 | D:6      | Found an iron altar of Okawaru.
  5811 | D:6      | Found a runed translucent gate.
  5811 | D:6      | Found a runed translucent gate.
  5811 | D:6      | Found a runed translucent gate.
  6327 | D:6      | Reached skill level 5 in Fighting
  6850 | D:7      | Noticed Prince Ribbit
  6855 | D:7      | Killed Prince Ribbit
  6856 | D:7      | Reached skill level 7 in Spellcasting
  6923 | D:7      | Found a staircase to the Ecumenical Temple.
  7089 | D:7      | Reached XP level 10. HP: 61/72 MP: 0/0
  7096 | D:7      | Reached * piety under Makhleb
  7097 | D:7      | Reached skill level 1 in Invocations
  7099 | D:7      | Reached skill level 1 in Evocations
  7101 | D:7      | Reached skill level 1 in Throwing
  7241 | D:7      | Found a white marble altar of Elyvilon.
  7241 | D:7      | Found a hide-covered altar of Uskayaw.
  7367 | D:7      | Reached skill level 5 in Dodging
  7895 | D:8      | Reached skill level 5 in Armour
  7911 | D:8      | Found a flagged portal.
  7958 | Bailey   | Entered a bailey
  8185 | Bailey   | Reached ** piety under Makhleb
  8360 | Bailey   | Reached skill level 1 in Long Blades
  8494 | Bailey   | Noticed an orc warlord
  8520 | Bailey   | Killed an orc warlord
  8521 | Bailey   | Reached skill level 8 in Spellcasting
  8521 | Bailey   | Reached XP level 11. HP: 73/78 MP: 0/0
  8521 | Bailey   | Learned a level 5 spell: Summon Mana Viper
  9116 | D:8      | Noticed Grum
  9120 | D:8      | Killed Grum
  9122 | D:8      | Reached *** piety under Makhleb
  9284 | D:8      | Noticed Joseph
  9299 | D:8      | Killed Joseph
  9817 | D:9      | Found a shimmering altar of Xom.
 10462 | D:10     | Entered Level 10 of the Dungeon
 10628 | D:10     | Found a snail-covered altar of Cheibriados.
 10655 | D:10     | Noticed a two-headed ogre
 10665 | D:10     | Killed a two-headed ogre
 10666 | D:10     | Reached skill level 9 in Spellcasting
 10805 | D:10     | Reached **** piety under Makhleb
 10841 | D:10     | Reached XP level 12. HP: 77/86 MP: 0/0
 11147 | D:10     | Found a glowing golden altar of the Shining One.
 11482 | D:10     | Found a staircase to the Lair.
 11869 | D:11     | Identified the +0 leather armour "Rutan" {rCorr Str-3 Int+3
                  | Slay+2}
 11881 | D:11     | Noticed a boulder beetle
 11893 | D:11     | Killed a boulder beetle
 11951 | D:11     | HP: 3/86 [gargoyle/+0 mace (10)]
 12120 | D:11     | Reached skill level 5 in Long Blades
 12120 | D:11     | Reached skill level 10 in Spellcasting
 12120 | D:11     | Reached XP level 13. HP: 66/94 MP: 0/0
 12120 | D:11     | Learned a level 5 spell: Iskenderun's Battlesphere
 12136 | D:11     | Found a frozen archway.
 12145 | IceCv    | Entered an ice cave
 12150 | IceCv    | Reached skill level 5 in Invocations
 12580 | IceCv    | Noticed a frost giant
 12597 | IceCv    | Killed from afar by a frost giant

Illustrated notes

Levels and vault maps discovered:
D:1:      ncdulo_watergridlock, layout_basic, shapermc_ecumenical_altar_gd,
          minmay_tetromino_o4
D:2:      layout_rooms, serial_shops, nicolae_shop_window_shopping,
          minivault_19, minmay_fractal_squares_5
D:3:      lemuel_castle_with_subvaults [lemuel_castle_interior_carwin_3],
          layout_basic, nicolae_ru_path_of_blood, minmay_misc_feat_x,
          minmay_misc_feat_five, minmay_circle_x, uniq_grinder
D:4:      layout_rooms, nicolae_overflow_hidden_temple,
          ebering_dispersal_statue_hall
D:5:      layout_basic, mainiacjoe_overflow_six_doors_small,
          grunt_temple_overflow_open, uniq_menkaure, uniq_crazy_yiuf_cottage
D:6:      layout_gridville, lemuel_crystal_altar, mainiacjoe_overflow_boulevard,
          gammafunk_ghost_icy, minmay_tree_intersection
D:7:      minmay_chambers_of_fours, layout_rooms,
          gammafunk_temple_overflow_elements, minmay_temple_entry_butterflies,
          uniq_prince_ribbit1
D:8:      layout_basic, enter_bailey_5, kennysheep_generic_room_16, uniq_joseph,
          uniq_grum
D:9:      layout_rooms, tgw_xom
D:10:     layout_big_octagon, mainiacjoe_overflow_catwalk,
          lemuel_coloured_pillars_altar, kennysheep_slug_shrine,
          grunt_lair_entry_orc_guard_hut, serial_co_window_serial,
          co_window_paths_a, co_window_corner_a, co_window_paths_a,
          co_window_paths_b, co_window_cross_1, co_window_of_opportunity_c,
          co_window_corner_b, co_window_unsneaky_path_e, co_window_2corner,
          co_window_4corner_b
D:11:     layout_cave_pools, portal_ice_cave_entry_pillars_1, fountainhead,
          minmay_misc_feat_secret_circle, kennysheep_cross_bottleneck,
          corexii_checkpoint_a
IceCv:    ice_cave_small_giant

Skill      XL: |  1  2  3  4  5  6  7  8  9 10 11 12 13 |
---------------+----------------------------------------+-----
Armour         | 1 2 3 4 5 6 8 |  8.4
Stealth        | 2 |  2.0
Fighting       | 1 2 3 4 5 6 7 8 9 |  9.1
Spellcasting   | 3 4 6 7 8 9 10 | 10.6
Short Blades   | 1 2 3 |  3.0
Dodging        | 3 4 5 6 |  6.5
Invocations    | 2 3 4 5 |  5.5
Evocations     | 2 3 |  3.0
Throwing       | 2 3 |  3.0
Long Blades    | 1 3 5 6 |  6.0

Action                     |  1- 3 |  4- 6 |  7- 9 | 10-12 | 13-15 || total
---------------------------+-------+-------+-------+-------+-------++-------
  Melee: Short sword       |     3 |       |       |       |       ||     3
         Unarmed           |     1 |       |       |       |       ||     1
         Rapier            |       |     1 |       |       |       ||     1
         Dagger            |       |       |       |    11 |       ||    11
  Throw: Boomerang         |       |       |       |     2 |       ||     2
   Cast: Foxfire           |    85 |   192 |   200 |   201 |    15 ||   693
         Scorch            |       |    14 |    54 |   178 |    27 ||   273
         Frozen Ramparts   |       |       |     8 |    29 |     2 ||    39
         Volatile Blastmot |       |       |     2 |     4 |       ||     6
         Flame Wave        |       |       |       |     2 |       ||     2
         Summon Mana Viper |       |       |       |     8 |     2 ||    10
         Inner Flame       |       |       |       |       |     5 ||     5
  Evoke: Wand              |       |       |       |     9 |     3 ||    12
    Use: Scroll            |     3 |     2 |    12 |     9 |       ||    26
         Potion            |       |       |     2 |     6 |     2 ||    10
 Armour: Robe              |     2 |     2 |     3 |       |       ||     7
         Skin              |       |       |     1 |       |       ||     1
         Leather armour    |       |       |     2 |       |       ||     2
         Steam dragon scal |       |       |     1 |    25 |     2 ||    28
  Dodge: Dodged            |     7 |     5 |    11 |    75 |     9 ||   107

Table legend: (Time is in decaauts)
 A = Elapsed time spent in this place.
 B = Non-inter-level travel time spent in this place.
 C = Inter-level travel time spent in this place.
 D = Time resting spent in this place.
 E = Time spent auto-exploring this place.
 F = Levels seen in this place.
 G = Mean time per level.
                   A        B        C        D        E       F      G
               +--------+--------+--------+--------+--------+-----+--------+
         Total |  12573 |  12126 |    447 |   1681 |   7905 |  13 |  967.2 |
       Dungeon |  11301 |  10854 |    447 |   1159 |   7702 |  11 | 1027.4 |
        Bailey |    820 |    820 |      0 |    320 |    129 |   1 |  820.0 |
      Ice Cave |    452 |    452 |      0 |    202 |     74 |   1 |  452.0 |
               +--------+--------+--------+--------+--------+-----+--------+

Top non-repeatable levels by time:
     D:3: 1927 daAuts
     D:7: 1317 daAuts
     D:5: 1305 daAuts
    D:10: 1250 daAuts
     D:1: 1030 daAuts
     D:8: 1019 daAuts
     D:6: 913 daAuts
     D:2: 865 daAuts
  Bailey: 820 daAuts
     D:9: 728 daAuts
     D:4: 513 daAuts
   IceCv: 452 daAuts
    D:11: 430 daAuts
